 Dungeon Crawl Stone Soup version 0.30-a0-722-g3e6e8c874d (webtiles) character file.

Game seed: 7384859831956417656

109585 mistaj the Warrior (level 16, -3/139 HPs)
             Began as a Demonspawn Fighter on Jan 28, 2023.
             Was the Champion of Okawaru.
             Killed by divine providence
             ... invoked by a balrug
              (14 damage)
             ... on level 2 of the Abyss.
             The game lasted 00:56:36 (24651 turns).

mistaj the Warrior (Demonspawn Fighter)            Turns: 24651, Time: 00:56:37

Health: -3/139     AC: 38    Str: 22    XL:     16   Next: 5%
Magic:  16/16      EV:  8    Int: 12    God:    Okawaru [******]
Gold:   1684       SH: 19    Dex: 19    Spells: 15/15 levels left

rFire   + + +      SeeInvis +    M - +11 lance "Wyrmbane" {slay drac, rPois rF+ rC+ AC+3}
rCold   + + .      Faith    .    W - +2 kite shield of the Orange Skies {Drain rElec rF+ Will+++}
rNeg    . . .      Spirit   .    k - +4 crystal plate armour of Tulips {Harm rPois Will++ Str-3}
rPois   +          Reflect  +    (helmet unavailable)
rElec   +          Harm     +    Y - +0 cloak "Ocwof" {rF+}
rCorr   .          Rampage  .    T - +2 pair of gloves "Suikh" {Fly}
Will    +++++                    A - +1 pair of boots Stlth
                                 y - amulet of reflection
HPRegen 0.43/turn                S - ring of Mucets {rPois rF+ rC+ Str+3 Dex+6}
MPRegen 0.15/turn                m - +4 ring of slaying

@: agile, about to teleport, flying
A: antennae 3, icy blue scales 2, foul stench 2, demonic magic 1, electricity
resistance
a: Renounce Religion, Heroism, Finesse, Duel


You were on level 2 of the Abyss.
You worshipped Okawaru.
Okawaru was exalted by your worship.
You visited 4 branches of the dungeon, and saw 23 of its levels.
You visited the Abyss 2 times.

You collected 2101 gold pieces.
You spent 417 gold pieces at shops.

Inventory:

Hand Weapons
 a - the +10 glaive "Riet" {freeze, rN+ Str+5 Int-5}
   (Okawaru gifted it to you on level 11 of the Dungeon)

   Str:       It affects your strength (+5).
   Int:       It affects your intelligence (-5).
   rN:        It protects you from negative energy.
 F - a +1 demon whip of venom
 M - the +11 lance "Wyrmbane" (weapon) {slay drac, rPois rF+ rC+ AC+3}
   (You took it off Maggie on level 9 of the Dungeon)

   AC:        It affects your AC (+3).
   rF:        It protects you from fire.
   rC:        It protects you from cold.
   rPois:     It protects you from poison.
 O - a +0 heavy broad axe
 R - a +4 scimitar of flaming
Missiles
 o - 13 silver javelins (quivered)
Armour
 k - the +4 crystal plate armour of Tulips (worn) {Harm rPois Will++ Str-3}
   (Okawaru gifted it to you on level 3 of the Lair of Beasts)

   Str:       It affects your strength (-3).
   rPois:     It protects you from poison.
   Harm:      It increases damage dealt and taken.
   Will:      It greatly increases your willpower.
 A - a +1 pair of boots (worn)
 E - +0 acid dragon scales
 N - +0 steam dragon scales
 T - the +2 pair of gloves "Suikh" (worn) {Fly}
   (Okawaru gifted it to you on level 1 of the Lair of Beasts)

   Fly:       It grants you flight.
 W - the +2 kite shield of the Orange Skies (worn) {Drain rElec rF+ Will+++}
   (Okawaru gifted it to you on level 2 of the Abyss)

   rF:        It protects you from fire.
   rElec:     It insulates you from electricity.
   Drain:     It drains your maximum health when unequipped.
   Will:      It greatly increases your willpower.
 Y - the +0 cloak "Ocwof" (worn) {rF+}
   (You bought it in a shop on level 2 of the Orcish Mines)

   rF:        It protects you from fire.
Jewellery
 c - a ring of protection from cold
 m - a +4 ring of slaying (right hand)
 n - a +6 ring of intelligence
 y - an amulet of reflection (around neck)
 S - the ring of Mucets (left hand) {rPois rF+ rC+ Str+3 Dex+6}
   (You found it on level 11 of the Dungeon)

   [ring of dexterity]

   Str:       It affects your strength (+3).
   Dex:       It affects your dexterity (+6).
   rF:        It protects you from fire.
   rC:        It protects you from cold.
   rPois:     It protects you from poison.
 Z - a ring of positive energy
Wands
 f - a wand of light (11)
 j - a wand of mindburst (28)
 p - a wand of paralysis (14)
 w - a wand of polymorph (10)
 D - a wand of flame (81)
 G - a wand of digging (3)
 L - a wand of roots (19)
Scrolls
 e - 3 scrolls of fear
 g - a scroll of silence
 l - 2 scrolls of poison
 q - 3 scrolls of blinking
 s - 3 scrolls of teleportation
 u - 4 scrolls of magic mapping
 x - 3 scrolls of enchant armour
 z - 5 scrolls of fog
 P - a scroll of enchant weapon
 X - 2 scrolls of identify
Potions
 b - 3 potions of flight
 d - 2 potions of might
 h - 8 potions of curing
 i - 2 potions of heal wounds
 r - 5 potions of ambrosia
 t - 6 potions of haste
 v - 3 potions of mutation
 B - a potion of magic
 C - 4 potions of invisibility
 I - 3 potions of attraction
 J - a potion of cancellation
 K - 2 potions of resistance
 Q - 2 potions of lignification
 U - a potion of brilliance


   Skills:
 + Level 16.4 Fighting
 - Level 3.4(11.8) Axes
 - Level 6.0(6.4) Maces & Flails
 + Level 16.3(16.5) Polearms
 + Level 11.5 Armour
 + Level 9.4 Shields


You had 15 spell levels left.
You didn't know any spells.
Your spell library contained the following spells:

 Spells                   Type           Power      Damage    Failure   Level
 Apportation              Tloc           0%         N/A       100%        1
 Freeze                   Ice            0%         1d3       100%        1
 Kiss of Death            Conj/Necr      0%         2d5       100%        1
 Necrotise                Necr           0%         1d4       100%        1
 Shock                    Conj/Air       0%         1d3       100%        1
 Ensorcelled Hibernation  Hex/Ice        0%         N/A       100%        2
 Passwall                 Tmut/Erth      0%         N/A       100%        2
 Poisonous Vapours        Pois/Air       0%         N/A       100%        2
 Scorch                   Fire           0%         2d5       100%        2
 Sublimation of Blood     Necr           0%         N/A       100%        2
 Wereblood                Tmut           0%         N/A       100%        2
 Confusing Touch          Hex            0%         N/A       100%        3
 Frozen Ramparts          Ice            0%         1d1       100%        3
 Gell's Gravitas          Tloc           0%         N/A       100%        3
 Hailstorm                Conj/Ice       0%         3d3       100%        3
 Ignite Poison            Fire/Tmut/Pois 0%         N/A       100%        3
 Portal Projectile        Hex/Tloc       0%         N/A       100%        3
 Spider Form              Tmut/Pois      0%         N/A       100%        3
 Swiftness                Air            0%         N/A       100%        3
 Teleport Other           Tloc           0%         N/A       100%        3
 Airstrike                Air            0%         2d(0-16)  100%        4
 Anguish                  Hex/Necr       0%         N/A       100%        4
 Dispel Undead            Necr           0%         3d6       100%        4
 Fulminant Prism          Conj/Hex       0%         3d5       100%        4
 Iskenderun's Mystic Bla  Conj/Tloc      0%         2d3       100%        4
 Sticky Flame             Conj/Fire      0%         2d3       100%        4
 Blade Hands              Tmut           0%         N/A       100%        5
 Fireball                 Conj/Fire      0%         3d3       100%        5
 Irradiate                Conj/Tmut      0%         3d11      100%        5
 Iskenderun's Battlesphe  Conj           0%         2d6       100%        5
 Silence                  Hex/Air        0%         N/A       100%        5
 Conjure Ball Lightning   Conj/Air       0%         3x3d6     100%        6
 Dragon Form              Tmut           0%         N/A       100%        7
 Orb of Destruction       Conj           0%         9d5       100%        7
 Storm Form               Tmut/Air       0%         N/A       100%        7
 Ignition                 Fire           0%         3d3       100%        8
 Maxwell's Capacitive Co  Air            0%         ∞         100%        8
 Summon Small Mammal      Summ           Unusable   N/A       N/A         1
 Tukima's Dance           Hex            Unusable   N/A       N/A         3
 Summon Lightning Spire   Summ/Air       Unusable   N/A       N/A         4
 Summon Hydra             Summ           Unusable   N/A       N/A         7

Dungeon Overview and Level Annotations

Branches:
Dungeon (15/15)            Temple (1/1) D:7            Lair (5/5) D:11
 Shoals (0/4) Lair:2        Snake (0/4) Lair:2        Slime (0/5) Lair:4
    Orc (2/2) D:9             Elf (0/3) Orc:2        Vaults (0/5) D:13
 Depths (0/4) D:15

Altars:
Fedhas
Okawaru
Qazlal
Trog
Wu Jian
Jiyva
Lugonu

Shops:
D:1 (   D:12 *   D:14 :   Orc:2 ([:=:

Portals:
Abyss: Lair:5
Trove: D:15 (show abyssal rune of Zot)


Innate Abilities, Weirdness & Mutations

You have a pair of large antennae on your head. (SInv)
You are mostly covered in icy blue scales. (AC +3)
You sometimes emit foul miasma when damaged in melee.
Spells you cast may paralyse adjacent enemies.
You are resistant to electric shocks. (rElec)


Message History

You feel strangely unstable.
You feel the power of the Abyss delaying your translocation!
You block the culicivora's attack.
The eidolon hits you but does no damage. x2
You block the culicivora's attack.
The large abomination hits you but does no damage.
The large abomination attacks as you move away!
You block the large abomination's attack.
The culicivora attacks as you move away!
The culicivora bites you but does no damage.
A balrug comes into view.
It is wielding a +1 demon whip of flaming.
The culicivora bites you but does no damage.
You block the eidolon's attack.
The eidolon hits you but does no damage.
The culicivora bites you!
* * * LOW HITPOINT WARNING * * *
The culicivora draws strength from your injuries!
The large abomination hits you!!
* * * LOW HITPOINT WARNING * * *
The eidolon attacks as you move away! The eidolon barely misses you.
You block the eidolon's attack.
You feel yourself speed up.
The balrug shouts!
You block the culicivora's attack. The eidolon attacks as you move away!
You block the eidolon's attack. x2
The culicivora attacks as you move away!
You block the culicivora's attack.
The culicivora attacks as you move away!
The culicivora bites you but does no damage.
The large abomination attacks as you move away!
You block the large abomination's attack.
The eidolon attacks as you move away!
The eidolon hits you but does no damage.
You block the eidolon's attack.
The culicivora bites you but does no damage.
The culicivora attacks as you move away!
You block the culicivora's attack. The balrug gestures at you.
Something smites you!
You die...

.. #... #...# .. ##.#
##.## ##.## # .##
#...###...###...## ...#
# .....#..2..#.... #...
. ................
..... ..
.....#.....#.....#. ...
. #... ##XsX###..
###...# ## ##W## ## ##
## #.@.# ...## . .
#.....#.....#.... #
............. .. .....
....#.....#.... #.....
...###...###...###...##
#.# ##.## #.# #.# # ..
... ... . .## ... . #..
..#. .. ..... .


You could see a balrug, an eidolon, 2 large abominations and a culicivora.

Vanquished Creatures
  Rupert (Lair:4)
  A lich (Abyss:2)
  A tentacled starspawn (Abyss:2)
  A balrug (Abyss:2)
  A caustic shrike zombie (D:15)
  An orc warlord (Orc:2)
  A reaper (Abyss:2)
  The ghost of browni3141 the Grappler, a journeyman TrBe of Trog (Lair:1)
  A fire dragon (D:14)
  A spriggan zombie (D:15)
  3 vault guards (D:13)
  9 hydras
  Erolcha (D:10)
  4 centaur warriors
  2 ogre magi (D:13)
  4 boulder beetles
  Erica (Lair:1)
  A two-headed ogre (D:13)
  4 hell hogs (Abyss:2)
  A vampire mage (D:15)
  2 thrashing horrors (Lair:5)
  Urug (D:10)
  7 death yaks
  An orc high priest (Orc:2)
  A deep elf knight (D:13)
  A fire crab (shapeshifter) (D:15)
  The ghost of bronco the Thaumaturge, a novice DjCj (D:6)
  9 skeletal warriors
  2 wretched stars (Abyss:2)
  A shadow dragon zombie (D:15)
  A necromancer (D:15)
  Pikel (D:7)
  5 orc knights
  A lindwurm (Lair:5)
  2 wolf spider zombies (D:14)
  A deep elf pyromancer (D:13)
  5 oklob plants
  A wolf spider (shapeshifter) (D:15)
  2 starcursed masses (Abyss:2)
  5 cyclopes
  14 ugly things
  A manticore (D:14)
  3 centaur zombies (D:14)
  13 elephants
  2 black mambas
  A water nymph (Lair:2)
  Joseph (Lair:1)
  An apocalypse crab (Abyss:2)
  4 smoke demons
  A gargoyle (D:13)
  Maggie (D:9)
  8 cane toads
  5 rime drakes
  A kobold demonologist (D:14)
  An efreet (Abyss:2)
  5 komodo dragons
  4 ancient zymes
  3 guardian mummies (D:15)
  A spriggan skeleton (D:15)
  A freezing wraith (D:15)
  6 trolls
  2 hellwings (Abyss:2)
  The ghost of bigmike the Chopper, an amateur MiBe of Trog (D:5)
  6 meliai
  7 dream sheep (Lair:3)
  32 blink frogs
  Prince Ribbit (Lair:1)
  3 large abominations
  8 slime creatures
  2 shadows
  A vampire (D:14)
  Sigmund (D:5)
  4 wraiths (D:14)
  4 ynoxinuls
  2 spriggans (Lair:5)
  6 wyverns
  37 yaks
  2 golden eyes (Abyss:2)
  3 basilisks (Lair:5)
  2 humans
  10 vampire mosquitoes
  2 neqoxecs (Abyss:2)
  2 redbacks (D:7)
  2 wargs
  A naga (shapeshifter) (Lair:5)
  11 water moccasins
  2 acid dragons
  A hornet zombie (D:14)
  2 ice beasts (D:5)
  A sky beast (D:8)
  32 orc warriors
  5 black bears
  16 wolves
  9 centaurs
  12 small abominations
  2 ogres
  3 kobold brigands
  13 bullfrogs
  A necrophage (D:5)
  14 scorpions
  5 wights (D:10)
  15 killer bees
  4 howler monkeys
  3 electric eels
  A crimson imp (Abyss:2)
  A jelly (D:7)
  25 orc priests
  A hound (D:4)
  Crazy Yiuf (D:7)
  Jessica (D:2)
  4 iguanas
  Ijyb (D:3)
  30 orc wizards
  12 hell rats
  12 adders
  11 gnolls
  A shadow imp (D:6)
  A white imp (D:7)
  An ufetubus (D:6)
  A worm (D:2)
  3 dart slugs
  The ghost of nono6 the Sneak, a weakling SpEE (D:4)
  87 orcs
  7 endoplasms
  5 giant cockroaches
  7 hobgoblins
  4 jackals (D:1)
  11 kobolds
  4 quokkas
  9 ball pythons
  7 bats
  3 frilled lizards
  12 goblins
  9 rats
  A starspawn tentacle (Abyss:2)
733 creatures vanquished.

Vanquished Creatures (others)
  2 golden eyes (Abyss:2)
  An orc wizard (Orc:2)
  A bush (Lair:1)
  24 fungi
  A lurking horror (Abyss:2)
  42 plants
  2 starspawn tentacles (Abyss:2)
  5 toadstools (D:1)
  6 withered plants
84 creatures vanquished.

Grand Total: 817 creatures vanquished

Notes
Turn   | Place    | Note
-------+----------+-------------------------------------------
     0 | D:1      | mistaj the Demonspawn Fighter began the quest for the Orb.
     0 | D:1      | Reached XP level 1. HP: 18/18 MP: 1/1
   102 | D:1      | Gained mutation: You may rarely emit foul miasma when
                  | damaged in melee. [demonic ancestry]
   102 | D:1      | Reached XP level 2. HP: 24/24 MP: 2/2
   262 | D:1      | Found Doummal's Antique Weapon Boutique.
   350 | D:1      | Gained mutation: You have a pair of small antennae on your
                  | head. [demonic ancestry]
   350 | D:1      | Reached XP level 3. HP: 29/29 MP: 3/3
   450 | D:1      | Got the Dissertation on Shifting and Glamour
   828 | D:2      | Noticed Jessica
   833 | D:2      | Killed Jessica
   834 | D:2      | Reached XP level 4. HP: 35/35 MP: 4/4
  1096 | D:2      | Got the Precepts of Spellbinding Calefaction
  1267 | D:2      | Identified the +4 leather armour "Juemog" {rElec Str-5
                  | Slay+5}
  1420 | D:3      | Gained mutation: You sometimes emit foul miasma when
                  | damaged in melee. [demonic ancestry]
  1420 | D:3      | Reached XP level 5. HP: 37/42 MP: 5/5
  1498 | D:3      | Noticed Ijyb
  1501 | D:3      | Killed Ijyb
  1964 | D:4      | Noticed a water moccasin
  1969 | D:4      | Killed a water moccasin
  1970 | D:4      | Reached XP level 6. HP: 34/48 MP: 6/6
  2089 | D:4      | Found a large runed translucent door.
  2090 | D:4      | Found a large runed translucent door.
  2237 | D:1      | Bought a bloodstained morningstar for 189 gold pieces
  2237 | D:1      | Identified the +5 morningstar "Maomi" {freeze, Fragile
                  | rPois Dex+4} (You bought it in a shop on level 1 of the
                  | Dungeon)
  2410 | D:4      | Reached skill level 1 in Maces & Flails
  2672 | D:4      | Noticed nono6's ghost (weakling SpEE)
  2798 | D:4      | Reached XP level 7. HP: 22/55 MP: 7/7
  2950 | D:4      | Found an iron altar of Okawaru.
  2950 | D:4      | Found a stormy altar of Qazlal.
  2959 | D:4      | Became a worshipper of Warmaster Okawaru
  3271 | D:4      | Killed nono6's ghost
  3289 | D:5      | Entered Level 5 of the Dungeon
  3294 | D:5      | Reached skill level 5 in Fighting
  3865 | D:5      | Found a runed translucent door.
  3879 | D:5      | Noticed bigmike's ghost (amateur MiBe)
  3916 | D:5      | Noticed Sigmund
  3920 | D:5      | Killed Sigmund
  3920 | D:5      | Reached * piety under Okawaru
  3921 | D:5      | Reached skill level 5 in Armour
  3921 | D:5      | Reached skill level 5 in Shields
  3921 | D:5      | Reached XP level 8. HP: 63/63 MP: 8/8
  4496 | D:6      | Found a runed translucent door.
  4705 | D:6      | Reached ** piety under Okawaru
  4857 | D:6      | Noticed bronco's ghost (novice DjCj)
  4874 | D:7      | Found a staircase to the Ecumenical Temple.
  4893 | Temple   | Entered the Ecumenical Temple
  4912 | D:7      | Found an ornate altar of the Wu Jian Council.
  4930 | D:7      | Found the +9 staff of Olgreb {rPois∞}
  4933 | D:7      | Found a runed translucent gate.
  4933 | D:7      | Found a runed translucent gate.
  4934 | D:7      | Found a runed translucent door.
  4945 | D:7      | Found a runed translucent gate.
  4954 | D:7      | Found a runed translucent door.
  5040 | D:7      | Gained mutation: You are partially covered in icy blue
                  | scales. (AC +2) [demonic ancestry]
  5040 | D:7      | Reached XP level 9. HP: 71/71 MP: 9/9
  5152 | D:7      | Noticed Pikel
  5161 | D:7      | Killed Pikel
  5340 | D:7      | Found a runed translucent door.
  5341 | D:7      | Noticed Crazy Yiuf
  5403 | D:7      | Killed Crazy Yiuf
  5749 | D:8      | Reached skill level 5 in Maces & Flails
  5955 | D:8      | Reached *** piety under Okawaru
  6464 | D:9      | Noticed a troll
  6488 | D:9      | Killed a troll
  6551 | D:9      | Found a staircase to the Orcish Mines.
  6578 | D:9      | Gained mutation: You have a pair of antennae on your head.
                  | [demonic ancestry]
  6578 | D:9      | Reached XP level 10. HP: 69/80 MP: 10/10
  6614 | D:9      | Noticed Maggie
  6627 | D:9      | Killed Maggie
  6896 | D:9      | Reached skill level 1 in Polearms
  7426 | D:10     | Entered Level 10 of the Dungeon
  7617 | D:10     | Noticed Erolcha
  7621 | D:10     | Killed Erolcha
  7621 | D:10     | Reached **** piety under Okawaru
  7646 | D:10     | Received a gift from Okawaru
  7787 | D:10     | Reached skill level 5 in Polearms
  7907 | D:10     | Found a blossoming altar of Fedhas.
  8136 | D:10     | Noticed Urug
  8394 | D:11     | Gained mutation: You are mostly covered in icy blue scales.
                  | (AC +3) [demonic ancestry]
  8394 | D:11     | Reached XP level 11. HP: 75/89 MP: 11/11
  8445 | D:11     | Reached ***** piety under Okawaru
  8450 | D:11     | Identified the +1 robe of Supple Strength {rF+ Dex+2}
  8551 | D:11     | Noticed a centaur warrior
  8558 | D:11     | Killed a centaur warrior
  8627 | D:11     | Noticed a boulder beetle
  8646 | D:11     | Identified the ring of Mucets {rPois rF+ rC+ Str+3 Dex+6}
  8656 | D:11     | Killed a boulder beetle
  8657 | D:11     | Reached skill level 10 in Fighting
  8894 | D:11     | Found a staircase to the Lair.
  8914 | D:11     | Identified the +10 glaive "Riet" {freeze, rN+ Str+5 Int-5}
                  | (Okawaru gifted it to you on level 11 of the Dungeon)
  8914 | D:11     | Received a gift from Okawaru
  9108 | Lair:1   | Entered Level 1 of the Lair of Beasts
  9122 | Lair:1   | Noticed an oklob plant
  9128 | Lair:1   | Found a large runed translucent door.
  9133 | Lair:1   | Found a large runed translucent door.
  9134 | Lair:1   | Noticed browni3141's ghost (journeyman TrBe)
  9413 | Lair:1   | Identified the +2 pair of gloves "Suikh" {Fly} (Okawaru
                  | gifted it to you on level 1 of the Lair of Beasts)
  9413 | Lair:1   | Received a gift from Okawaru
  9483 | Lair:1   | You are sucked into a shaft and drop 1 floor!
  9601 | Lair:1   | Noticed Joseph
  9604 | Lair:1   | Noticed Prince Ribbit
  9614 | Lair:1   | Killed Joseph
  9614 | Lair:1   | Reached ****** piety under Okawaru
  9614 | Lair:1   | Noticed Erica
  9625 | Lair:1   | Killed Prince Ribbit
  9854 | Lair:1   | Reached XP level 12. HP: 100/100 MP: 12/12
  9871 | Lair:1   | Killed Erica
  9872 | Lair:1   | Reached skill level 10 in Polearms
 10694 | Lair:2   | Found a staircase to the Snake Pit.
 11975 | Lair:3   | Noticed a four-headed hydra
 12084 | Lair:3   | Killed a four-headed hydra
 12166 | Lair:3   | Noticed a four-headed hydra
 12175 | Lair:3   | Killed a four-headed hydra
 12666 | Lair:3   | Identified the +4 crystal plate armour of Tulips {Harm
                  | rPois Will++ Str-3} (Okawaru gifted it to you on level 3 of
                  | the Lair of Beasts)
 12666 | Lair:3   | Received a gift from Okawaru
 12667 | Lair:3   | Gained mutation: You have a pair of large antennae on your
                  | head. (SInv) [demonic ancestry]
 12667 | Lair:3   | Reached XP level 13. HP: 87/109 MP: 13/13
 13434 | Lair:4   | Noticed Rupert
 13456 | Lair:4   | Killed Rupert
 13886 | Lair:4   | Found a viscous altar of Jiyva.
 13886 | Lair:4   | Found a staircase to the Slime Pits.
 14312 | Lair:5   | Entered Level 5 of the Lair of Beasts
 14894 | Lair:5   | Identified the +0 buckler "Tuqolif" {+Inv Regen+ Dex+6}
                  | (Okawaru gifted it to you on level 5 of the Lair of Beasts)
 14894 | Lair:5   | Received a gift from Okawaru
 15318 | Lair:5   | Gained mutation: Spells you cast may paralyse adjacent
                  | enemies. [demonic ancestry]
 15318 | Lair:5   | Reached XP level 14. HP: 118/120 MP: 14/14
 15755 | Abyss:2  | Cast into level 2 of the Abyss (spriggan)
 15759 | Abyss:2  | Found a corrupted altar of Lugonu.
 15867 | Abyss:2  | Noticed a lich
 15885 | Abyss:2  | Killed a lich
 15948 | Abyss:2  | Gained mutation: You are resistant to electric shocks.
                  | (rElec) [a neqoxec]
 16120 | Abyss:2  | Identified the +2 kite shield of the Orange Skies {Drain
                  | rElec rF+ Will+++} (Okawaru gifted it to you on level 2 of
                  | the Abyss)
 16120 | Abyss:2  | Received a gift from Okawaru
 16134 | Lair:5   | Escaped the Abyss
 16268 | Lair:5   | Found a corrupted altar of Lugonu.
 16268 | Lair:5   | Found a one-way gate to the infinite horrors of the Abyss.
 16623 | Lair:1   | Killed browni3141's ghost
 16624 | Lair:1   | Reached skill level 15 in Polearms
 17074 | D:10     | Killed Urug
 17236 | D:7      | Got the Enchiridion on Electric Energy
 17339 | D:6      | Killed bronco's ghost
 17340 | D:6      | Reached skill level 15 in Fighting
 17380 | D:5      | Killed bigmike's ghost
 17598 | Orc:1    | Entered Level 1 of the Orcish Mines
 17636 | Orc:2    | Entered Level 2 of the Orcish Mines
 17702 | Orc:1    | Noticed a stone giant
 17705 | Orc:1    | Found a bloodstained altar of Trog.
 17705 | Orc:1    | Found the necklace of Bloodlust {Fury *Rage Will++ Int-3
                  | Slay+6}
 17918 | Orc:2    | Found a staircase to the Elven Halls.
 17955 | Orc:2    | Found Qotifouc's Book Shoppe.
 18195 | Orc:2    | Found Bunagot's Book Shop.
 18297 | Orc:2    | Found Eleidoor's Jewellery Emporium.
 18488 | Orc:2    | Noticed an orc warlord
 18511 | Orc:2    | Killed an orc warlord
 18638 | Orc:2    | Found Ossixtum's Antique Armour Emporium.
 18642 | Orc:2    | Found Mebretet's Antique Weapon Shoppe.
 18653 | Orc:2    | Bought a steaming cloak for 228 gold pieces
 18653 | Orc:2    | Identified the +0 cloak "Ocwof" {rF+} (You bought it in a
                  | shop on level 2 of the Orcish Mines)
 18782 | Orc:2    | Identified the +2 robe "Jiam" {rElec Str-4 Dex+2 SInv}
                  | (Okawaru gifted it to you on level 2 of the Orcish Mines)
 18782 | Orc:2    | Received a gift from Okawaru
 18815 | Orc:2    | Reached skill level 10 in Armour
 19477 | D:12     | Found Zin's Purification Station.
 20086 | D:13     | Reached XP level 15. HP: 129/129 MP: 15/15
 20954 | D:13     | Found a gate to the Vaults.
 21656 | D:14     | Identified the +4 long sword of the Magi {protect, rF+
                  | rN++}
 21971 | D:14     | Found Ruojoug's Book Shop.
 22264 | D:14     | Identified the +10 spear "Kian" {drain, rPois rC+ Will-
                  | SInv} (Okawaru gifted it to you on level 14 of the Dungeon)
 22264 | D:14     | Received a gift from Okawaru
 23036 | D:15     | Entered Level 15 of the Dungeon
 23177 | D:15     | Identified the +9 trident of Uzehevy {venom, Will+}
                  | (Okawaru gifted it to you on level 15 of the Dungeon)
 23177 | D:15     | Received a gift from Okawaru
 23825 | D:15     | Found a portal to a secret trove of treasure.
 23862 | D:15     | Found a staircase to the Depths.
 24520 | Lair:5   | Voluntarily entered the Abyss.
 24543 | Abyss:2  | Received a gift from Okawaru
 24544 | Abyss:2  | Reached XP level 16. HP: 139/139 MP: 16/16
 24589 | Abyss:2  | Noticed a tentacled starspawn
 24597 | Abyss:2  | Killed a tentacled starspawn
 24651 | Abyss:2  | Killed from afar by a balrug

Illustrated notes

Levels and vault maps discovered:
D:1:      ldierk_walled_garden, layout_basic, serial_shops, nicolae_shop_stone,
          nicolae_kite_square_tiling_tiny
D:2:      minmay_razor_zed, layout_loops_ring, uniq_jessica
D:3:      layout_rooms, uniq_ijyb
D:4:      layout_basic, minitemple, ebering_ghost_disaster_area
D:5:      layout_basic, ebering_ghost_inner_flame, uniq_sigmund
D:6:      layout_rooms, ebering_ghost_reflecting_pool,
          amcnicky_mini_corridor_feature
D:7:      layout_gridville, nzn_wu_jian_council_hall,
          minmay_temple_entry_butterflies,
          minmay_guarded_unrand_staff_of_olgreb, uniq_pikel,
          uniq_crazy_yiuf_cottage
D:8:      layout_basic, minivault_26
D:9:      layout_long_grid, erik_orc_4, uniq_maggie
D:10:     layout_rooms, fedhas_altar_4, uniq_erolcha, uniq_urug
D:11:     layout_basic, david_lair_generic
D:12:     layout_long_grid, zin_purify
D:13:     layout_basic, grunt_vaults_entry_fortified
D:14:     layout_stronghold, serial_undead, serial_undead_b, serial_undead_e,
          serial_undead_f, serial_undead_e, serial_undead_c, serial_shops, shop
D:15:     gammafunk_depths_entry_grave, layout_loops_ring,
          nicolae_trove_entry_path_of_doom
Temple:   bh_familiar_temple
Lair:1:   minmay_lair_oklob_tunnel, layout_cave_pods,
          ebering_ghost_disaster_area, grunt_megastairs_2, uniq_joseph,
          uniq_prince_ribbit2, uniq_erica
Lair:2:   layout_layer_cave, nicolae_shoals_entry_flooding, dummy_snake_entry,
          st_stairs_8
Lair:3:   layout_layer_cave, guppyfry_lair_drakes, serial_bayou_shore_b
Lair:4:   layout_gridlike, slime_entry_1, uniq_rupert
Lair:5:   hellmonk_lair_end_abyssal_woods, layout_gridlike
Orc:1:    emtedronai_trogs_sanctum, layout_diamond_mine, mines3_lemuel
Orc:2:    grunt_orc_community_town_hall, layout_caves,
          grunt_orc_community_big_house_2, grunt_orc_community_big_house_2,
          grunt_orc_community_house_1, grunt_orc_community_house_3,
          grunt_orc_community_house_3, grunt_orc_community_house_3,
          serial_shops, shop
Abyss:2:  base: D:12, hangedman_abyss_theft, hangedman_abyss_or_decor_stabs,
          base: Lair:1, minivault_23

Skill      XL: |  1  2  3  4  5  6  7  8  9 10 11 12 13 14 15 |
---------------+----------------------------------------------+-----
Axes           | 2 3 |  3.4
Shields        | 3 4 5 6 7 9 |  9.4
Armour         | 3 4 5 6 7 8 10 11 | 11.5
Fighting       | 4 5 6 7 9 11 12 14 15 16 | 16.4
Maces & Flails | 1 2 4 5 6 |  6.0
Polearms       | 6 9 12 14 15 16 | 16.3

Action                     |  1- 3 |  4- 6 |  7- 9 | 10-12 | 13-15 | 16-18 || total
---------------------------+-------+-------+-------+-------+-------+-------++-------
  Melee: War axe           |    71 |   113 |       |       |       |       ||   184
         Morningstar       |       |    17 |   179 |    16 |       |       ||   212
         Lance             |       |       |       |   559 |  1637 |    33 ||  2229
    Use: Scroll            |     4 |     7 |     4 |    10 |     8 |     1 ||    34
         Potion            |       |       |       |     1 |       |       ||     1
   Stab: Sleeping          |       |     1 |     1 |       |       |       ||     2
 Armour: Scale mail        |    48 |       |       |       |       |       ||    48
         Chain mail        |     7 |    52 |       |       |       |       ||    59
         Leather armour    |       |    35 |   110 |   122 |     6 |       ||   273
         Crystal plate arm |       |       |       |       |   549 |    18 ||   567
  Dodge: Dodged            |    30 |    74 |   108 |   113 |    62 |     2 ||   389
  Block: Buckler           |    12 |    29 |   103 |   170 |   128 |       ||   442
         Reflection        |       |       |     9 |     6 |    51 |       ||    66
         Kite shield       |       |       |       |       |   635 |    27 ||   662

Table legend: (Time is in decaauts)
 A = Elapsed time spent in this place.
 B = Non-inter-level travel time spent in this place.
 C = Inter-level travel time spent in this place.
 D = Time resting spent in this place.
 E = Time spent auto-exploring this place.
 F = Levels seen in this place.
 G = Mean time per level.
                   A        B        C        D        E       F      G
               +--------+--------+--------+--------+--------+-----+--------+
         Total |  24009 |  22539 |   1470 |   5041 |  11709 |  25 |  960.4 |
       Dungeon |  14899 |  13864 |   1035 |   3282 |   7257 |  15 |  993.3 |
        Temple |      1 |      1 |      0 |      0 |      0 |   1 |    1.0 |
          Lair |   7138 |   6765 |    373 |   1430 |   3883 |   5 | 1427.6 |
  Orcish Mines |   1523 |   1462 |     61 |    299 |    569 |   2 |  761.5 |
         Abyss |    446 |    446 |      0 |     30 |      0 |   2 |  223.0 |
               +--------+--------+--------+--------+--------+-----+--------+

Top non-repeatable levels by time:
  Lair:3: 1749 daAuts
  Lair:5: 1734 daAuts
    D:14: 1523 daAuts
    D:13: 1495 daAuts
  Lair:1: 1401 daAuts
  Lair:2: 1353 daAuts
   Orc:2: 1332 daAuts
     D:4: 1284 daAuts
     D:5: 1239 daAuts
     D:9: 1079 daAuts
    D:10: 1067 daAuts
    D:15: 1053 daAuts
    D:11: 963 daAuts
     D:2: 960 daAuts
  Lair:4: 899 daAuts
